 Dungeon Crawl Stone Soup version 0.30.0-5-g1a98f26d00 (webtiles) character file.

Game seed: 12300019610045925221

1 jasper the Sneak (level 1, -1/9 HPs)
             Began as a Spriggan Enchanter on May 11, 2023.
             Slain by a quokka (2 damage)
             ... on level 2 of the Dungeon.
             The game lasted 00:00:30 (171 turns).

jasper the Sneak (Spriggan Enchanter)                Turns: 171, Time: 00:00:31

Health: -1/9       AC:  2    Str:  4    XL:     1   Next: 16%
Magic:  5/5        EV: 17    Int: 16    God:
Gold:   22         SH:  0    Dex: 15    Spells: 5/5 levels left

rFire   . . .        a - +1 dagger
rCold   . . .        (no shield)
rNeg    . . .        b - +0 robe
rPois   .            (helmet restricted)
rElec   .            (no cloak)
rCorr   .            (gloves unavailable)
SInv    +            (boots unavailable)
Will    .....        (no amulet)
Stlth   +++          (no ring)
HPRegen 0.21/turn    (no ring)
MPRegen 0.09/turn

%: no passive effects
@: very quick
A: very small, no large weapons, unfitting armour, see invisible, speed 3
a: no special abilities


You were on level 2 of the Dungeon.
You visited 1 branch of the dungeon, and saw 2 of its levels.

You collected 22 gold pieces.

Inventory:

Hand Weapons
 a - a +1 dagger (weapon)
Armour
 b - a +0 robe (worn)
Scrolls
 d - a scroll of teleportation {unknown}
Potions
 c - 2 potions of invisibility


   Skills:
 - Level 1.1 Short Blades
 - Level 2.6 Dodging
 + Level 4.6 Stealth
 - Level 2.6 Spellcasting
 - Level 3.6 Hexes


You had 5 spell levels left.
You didn't know any spells.
Your spell library contained the following spells:

 Spells                   Type           Power      Damage    Failure   Level
 Confusing Touch          Hex            13%        N/A       13%         3
 Tukima's Dance           Hex            13%        N/A       13%         3
 Ensorcelled Hibernation  Hex/Ice        14%        N/A       14%         2
 Dazzling Flash           Conj/Hex       14%        N/A       28%         3


Dungeon Overview and Level Annotations

Branches:
Dungeon (2/15)

Altars:
Cheibriados


Innate Abilities, Weirdness & Mutations

You are very small and have problems with some larger weapons.
You are too small for most types of armour.
You have supernaturally acute eyesight. (SInv)
You cover ground extremely quickly. (Speed+++)


Message History

There is a stone staircase leading up here.
Found 4 stones.
Found a stone staircase leading down.
You see here 4 stones.
There is a stone staircase leading down here.
A ball python comes into view.
The ball python misses you. The ball python barely misses you.
You hit the ball python.
The ball python is moderately wounded.
The ball python bites you. The ball python misses you.
You take 1 damage, and have 8/9 hp.
You hit the ball python.
You kill the ball python!
Health restored: 9
d - a scroll labelled YMOAXO SIQORPH As you open the door, it creaks loudly!
Found a robe and 12 gold pieces.
Found a stone staircase leading down.
There is an open door here.
You now have 22 gold pieces (gained 12).
A quokka comes into view.
A quokka is nearby!
Found a snail-covered altar of Cheibriados.
You hit the quokka.
The quokka is moderately wounded.
The quokka misses you.
You closely miss the quokka.
The quokka is moderately wounded.
The quokka bites you.
Ouch! That really hurt!
You take 5 damage, and have 4/9 hp.
MASSIVE DAMAGE!!
You hit the quokka.
The quokka is heavily wounded.
The quokka barely misses you. The quokka bites you.
* * * LOW HITPOINT WARNING * * *
You take 3 damage, and have 1/9 hp.
MASSIVE DAMAGE!!
You hit the quokka.
The quokka is almost dead.
The quokka bites you.
You die...

#.........####.....
+.........+........
#.........####....#
##....>..## ##.#.#
##.....#### ###.#
#.........# #.#
#.##+####.# #.# #.#
#.# #@# #. #r# ...
#.... ...#..
........ .......##
##.._. .#


You could see a quokka.

Vanquished Creatures
  A ball python (D:2)
1 creature vanquished.

Notes
Turn   | Place    | Note
-------+----------+-------------------------------------------
     0 | D:1      | jasper the Spriggan Enchanter began the quest for the Orb.
     0 | D:1      | Reached XP level 1. HP: 9/9 MP: 5/5
   167 | D:2      | Found a snail-covered altar of Cheibriados.
   171 | D:2      | Slain by a quokka

Illustrated notes

Levels and vault maps discovered:
D:1:      evilmike_arrival_crescent, layout_basic, solitary_fountain
D:2:      layout_loops_corners, basic_altar,
          hellmonk_ecumenical_altar_dog_temple, chequers_serial_rivers_room_a,
          minmay_joined_circles

Action                     || total
---------------------------++-------
  Melee: Dagger            ||     6
  Dodge: Dodged            ||     5
